NWL (28 & UNDER)
MENLO MANIACS @ RED DEER WRANGLERS
08/02/2026
 
TOP OF THE 1ST
Menlo Maniacs batting - Pitching for Red Deer Wranglers : RHP William Bryan
Pitching: RHP William Bryan
Batting: LHB Pedro Rodríguez 0-0: Foul Ball, location: 2F
0-1: Swinging Strike
0-2: Ball
1-2: Ball
2-2: Strikes out swinging
Batting: LHB Jeff Tucker 0-0: Called Strike
0-1: Swinging Strike
0-2: Strikes out looking
Batting: RHB Daryl Floyd 0-0: Called Strike
0-1: Ball
1-1: Ball
2-1: SINGLE (Groundball, 6D)
Batting: LHB Dan Hamilton 0-0: Called Strike
Daryl Floyd steals 2nd base
0-1: Ball
1-1: Swinging Strike
1-2: SINGLE (Line Drive, 9S)
Daryl Floyd to third
Batting: RHB Steve Sampson 0-0: Called Strike
0-1: Foul Ball, location: 2F
0-2: Foul Ball, location: 2F
0-2: Strikes out swinging
Top of the 1st over - 0 run(s), 2 hit(s), 0 error(s), 2 left on base; Menlo 0 - Red Deer 0
BOTTOM OF THE 1ST
Red Deer Wranglers batting - Pitching for Menlo Maniacs : RHP José Ramírez
Pitching: RHP José Ramírez
Batting: LHB Del Kennedy 0-0: Called Strike
0-1: SINGLE (Flyball, 7LS)
Batting: RHB Paul Swift 0-0: Foul Ball, location: 2F
0-1: Ball
1-1: Swinging Strike
1-2: Ball
2-2: DOUBLE (Line Drive, 5L)
Del Kennedy to third
Batting: LHB Greg Nelson 0-0: Ball
1-0: Called Strike
1-1: Foul Ball, location: 2F
1-2: Ball
2-2: Foul Ball, location: 2F
2-2: Foul Ball, location: 2F
2-2: Ball
3-2: Strikes out swinging
Batting: LHB Enrico Vargas 0-0: Ball
1-0: Foul Ball, location: 2F
1-1: Ball
2-1: Ball
3-1: Base on Balls
Batting: LHB Jorge Olvera 0-0: Ball
1-0: Ball
2-0: Ball
3-0: Called Strike
3-1: Base on Balls
Del Kennedy scores
Paul Swift to third
Enrico Vargas to second
Batting: RHB Carlos Peña 0-0: Ball
1-0: Swinging Strike
1-1: Foul Ball, location: 2F
1-2: Ball
2-2: Ball
3-2: Base on Balls
Paul Swift scores
Enrico Vargas to third
Jorge Olvera to second
Batting: LHB Fred Abrams 0-0: Ball
1-0: Called Strike
1-1: Foul Ball, location: 2F
1-2: GRAND SLAM HOME RUN (Flyball, 8RXD), Distance : 402 ft
Batting: LHB Andrew Veeck 0-0: Ball
1-0: Swinging Strike
1-1: Ground out 4-3 (Groundball, 34)
Batting: RHB Juan Carlos Alfonzo 0-0: Called Strike
0-1: Foul Ball, location: 2F
0-2: Strikes out looking
Bottom of the 1st over - 6 run(s), 3 hit(s), 0 error(s), 0 left on base; Menlo 0 - Red Deer 6
TOP OF THE 2ND
Menlo Maniacs batting - Pitching for Red Deer Wranglers : RHP William Bryan
Batting: LHB Marcos Vázquez 0-0: Ball
1-0: Called Strike
1-1: Ball
2-1: SINGLE (Groundball, 4M)
Batting: RHB Luis Ramírez 0-0: Swinging Strike
0-1: Ball
1-1: Ball
2-1: Ball
3-1: Foul Ball, location: 2F
3-2: Fly out, F9 (Flyball, 89D)
Batting: RHB David Strickland 0-0: Called Strike
0-1: Ball
1-1: Swinging Strike
1-2: Ball
2-2: Ball
3-2: Base on Balls
Marcos Vázquez to second
Batting: RHB Gilberto León 0-0: Called Strike
0-1: Ball
1-1: Ball
2-1: Foul Ball, location: 2F
2-2: Strikes out swinging
Batting: LHB Pedro Rodríguez 0-0: Fielders Choice at 2nd, U6 (Groundball, 6M)
Top of the 2nd over - 0 run(s), 1 hit(s), 0 error(s), 2 left on base; Menlo 0 - Red Deer 6
BOTTOM OF THE 2ND
Red Deer Wranglers batting - Pitching for Menlo Maniacs : RHP José Ramírez
Batting: LHB Del Kennedy 0-0: Called Strike
0-1: Ball
1-1: Foul Ball, location: 2F
1-2: Fly out, F7 (Flyball, 7D)
Batting: RHB Paul Swift 0-0: Ground out 4-3 (Groundball, 4)
Batting: LHB Greg Nelson 0-0: Foul Ball, location: 2F
0-1: Ball
1-1: Swinging Strike
1-2: Strikes out swinging
Bottom of the 2nd over - 0 run(s), 0 hit(s), 0 error(s), 0 left on base; Menlo 0 - Red Deer 6
TOP OF THE 3RD
Menlo Maniacs batting - Pitching for Red Deer Wranglers : RHP William Bryan
Batting: LHB Jeff Tucker 0-0: Ball
1-0: Swinging Strike
1-1: SINGLE (Line Drive, 4MD)
Batting: RHB Daryl Floyd 0-0: Ball
1-0: Ball
2-0: Called Strike
2-1: Foul Ball, location: 2F
2-2: Ball
3-2: Foul Ball, location: 2F
3-2: SINGLE (Groundball, 6M)
Jeff Tucker to second
Batting: LHB Dan Hamilton 0-0: Ground out 3-1 (Groundball, 34)
Jeff Tucker to third
Daryl Floyd to second
Batting: RHB Steve Sampson 0-0: Ball
1-0: Swinging Strike
1-1: Foul Ball, location: 2F
1-2: Ball
2-2: Ball
3-2: Strikes out swinging
Batting: LHB Marcos Vázquez 0-0: Foul Ball, location: 2F
0-1: Ball
1-1: Ball
2-1: Foul Ball, location: 2F
2-2: Foul Ball, location: 2F
2-2: Ground out U3 (Groundball, 3)
Top of the 3rd over - 0 run(s), 2 hit(s), 0 error(s), 2 left on base; Menlo 0 - Red Deer 6
BOTTOM OF THE 3RD
Red Deer Wranglers batting - Pitching for Menlo Maniacs : RHP José Ramírez
Batting: LHB Enrico Vargas 0-0: Ball
1-0: Ground out U3 (Groundball, 3S)
Batting: LHB Jorge Olvera 0-0: Ball
1-0: Ball
2-0: Ball
3-0: Called Strike
3-1: Base on Balls
Batting: RHB Carlos Peña 0-0: Swinging Strike
0-1: Swinging Strike
0-2: Strikes out swinging
Batting: LHB Fred Abrams 0-0: Foul Ball, location: 2F
0-1: Ball
Jorge Olvera steals 2nd base
1-1: Called Strike
1-2: Strikes out swinging
Bottom of the 3rd over - 0 run(s), 0 hit(s), 0 error(s), 1 left on base; Menlo 0 - Red Deer 6
TOP OF THE 4TH
Menlo Maniacs batting - Pitching for Red Deer Wranglers : RHP William Bryan
Batting: RHB Luis Ramírez 0-0: Called Strike
0-1: Foul Ball, location: 2F
0-2: Ball
1-2: Strikes out swinging
Batting: RHB David Strickland 0-0: Ball
1-0: Called Strike
1-1: Swinging Strike
1-2: Ball
2-2: Ball
3-2: Foul Ball, location: 2F
3-2: Strikes out looking
Batting: RHB Gilberto León 0-0: Called Strike
0-1: Ball
1-1: Ball
2-1: Foul Ball, location: 2F
2-2: Ball
3-2: Strikes out swinging
Top of the 4th over - 0 run(s), 0 hit(s), 0 error(s), 0 left on base; Menlo 0 - Red Deer 6
BOTTOM OF THE 4TH
Red Deer Wranglers batting - Pitching for Menlo Maniacs : RHP José Ramírez
Batting: LHB Andrew Veeck 0-0: SINGLE (Groundball, 56)
Batting: RHB Juan Carlos Alfonzo 0-0: Ball
1-0: Called Strike
1-1: Foul Ball, location: 2F
1-2: Ball
2-2: Ball
3-2: Base on Balls
Andrew Veeck to second
Batting: LHB Del Kennedy 0-0: Called Strike
0-1: Swinging Strike
0-2: SINGLE (Groundball, 34)
Andrew Veeck to third
Juan Carlos Alfonzo to second
Runner from 3rd tries for Home, SAFE, no throw or cutoff
Pitching: RHP Bryan Bray
Batting: RHB Paul Swift 0-0: Foul Ball, location: 2F
0-1: Ball
1-1: Ground out 5-3 (Groundball, 56S)
Juan Carlos Alfonzo to third
Del Kennedy to second
Batting: LHB Greg Nelson 0-0: Called Strike
0-1: Ground out 6-3 (Groundball, 6M)
Juan Carlos Alfonzo scores
Del Kennedy to third
Batting: LHB Enrico Vargas 0-0: Called Strike
0-1: Ball
1-1: Fly out, F7 (Flyball, 7M)
Bottom of the 4th over - 2 run(s), 2 hit(s), 0 error(s), 1 left on base; Menlo 0 - Red Deer 8
TOP OF THE 5TH
Menlo Maniacs batting - Pitching for Red Deer Wranglers : RHP William Bryan
Batting: LHB Pedro Rodríguez 0-0: Ground out 4-3 (Groundball, 4)
Batting: LHB Jeff Tucker 0-0: Foul Ball, location: 2F
0-1: Swinging Strike
0-2: Ball
1-2: Ground out U3 (Groundball, 3)
Batting: RHB Daryl Floyd 0-0: Ball
1-0: Ball
2-0: Ball
3-0: Called Strike
3-1: Foul Ball, location: 2F
3-2: Foul Ball, location: 2F
3-2: Base on Balls
Batting: LHB Dan Hamilton 0-0: Called Strike
0-1: Ball
1-1: Foul Ball, location: 2F
1-2: SINGLE (Line Drive, 89S)
Daryl Floyd to second
Daryl Floyd to third
Pitching: RHP Simón Amejorado
Batting: RHB Steve Sampson 0-0: Ball
1-0: Ball
2-0: Called Strike
2-1: Ball
3-1: DOUBLE (Groundball, 5L)
Daryl Floyd scores
Dan Hamilton to third
Runner from 3rd tries for Home, SAFE, no throw or cutoff
Batting: LHB Marcos Vázquez 0-0: Foul Ball, location: 2F
0-1: DOUBLE (Flyball, 7LM)
Steve Sampson scores
Batting: RHB Luis Ramírez 0-0: Ground out 3-1 (Groundball, 34)
Top of the 5th over - 3 run(s), 3 hit(s), 0 error(s), 1 left on base; Menlo 3 - Red Deer 8
BOTTOM OF THE 5TH
Red Deer Wranglers batting - Pitching for Menlo Maniacs : RHP Bryan Bray
Batting: LHB Jorge Olvera 0-0: Foul Ball, location: 2F
0-1: Ball
1-1: Ball
2-1: Called Strike
2-2: Foul Ball, location: 2F
2-2: Foul Ball, location: 2F
2-2: Foul Ball, location: 2F
2-2: Ball
3-2: Base on Balls
Batting: RHB Carlos Peña 0-0: Ball
1-0: Ground out 5-3 (Groundball, 56S)
Jorge Olvera to second
Batting: LHB Fred Abrams 0-0: Ground out 4-3 (Groundball, 4)
Jorge Olvera to third
Batting: LHB Andrew Veeck 0-0: Swinging Strike
0-1: Ball
1-1: Ball
2-1: Ball
3-1: Base on Balls
Batting: RHB Juan Carlos Alfonzo 0-0: Ball
1-0: Fly out, F7 (Flyball, 7M)
Bottom of the 5th over - 0 run(s), 0 hit(s), 0 error(s), 2 left on base; Menlo 3 - Red Deer 8
TOP OF THE 6TH
Menlo Maniacs batting - Pitching for Red Deer Wranglers : RHP Simón Amejorado
Batting: RHB David Strickland 0-0: Ball
1-0: SINGLE (Line Drive, 34D)
Batting: RHB Gilberto León 0-0: Foul Ball, location: 2F
0-1: Ball
1-1: Ball
2-1: Ball
3-1: SINGLE (Line Drive, 34D)
David Strickland to second
Batting: LHB Pedro Rodríguez 0-0: Ball
1-0: SINGLE (Line Drive, 8LS)
David Strickland to third
Gilberto León to second
Batting: LHB Jeff Tucker 0-0: Ball
1-0: Swinging Strike
1-1: Called Strike
1-2: SINGLE (Groundball, 6M) (infield hit)
David Strickland scores
Gilberto León to third
Pedro Rodríguez to second
Batting: RHB Daryl Floyd 0-0: Ball
1-0: Called Strike
1-1: Ball
2-1: Ball
3-1: Base on Balls
Gilberto León scores
Pedro Rodríguez to third
Jeff Tucker to second
Pitching: RHP Alonso Costello
Batting: LHB Dan Hamilton 0-0: Ball
1-0: Grounds into double play, U6-3 (Groundball, 6M)
Pedro Rodríguez scores
Jeff Tucker to third
Batting: RHB Steve Sampson 0-0: Called Strike
0-1: Called Strike
0-2: Strikes out swinging
Top of the 6th over - 3 run(s), 4 hit(s), 0 error(s), 1 left on base; Menlo 6 - Red Deer 8
BOTTOM OF THE 6TH
Red Deer Wranglers batting - Pitching for Menlo Maniacs : RHP Bryan Bray
Batting: LHB Del Kennedy 0-0: Called Strike
0-1: Foul Ball, location: 2F
0-2: Ball
1-2: Strikes out looking
Batting: RHB Paul Swift 0-0: Fly out, F7 (Flyball, 7LMF)
Batting: LHB Greg Nelson 0-0: Ball
1-0: Called Strike
1-1: Ball
2-1: Foul Ball, location: 2F
2-2: Foul Ball, location: 2F
2-2: Strikes out swinging
Bottom of the 6th over - 0 run(s), 0 hit(s), 0 error(s), 0 left on base; Menlo 6 - Red Deer 8
TOP OF THE 7TH
Menlo Maniacs batting - Pitching for Red Deer Wranglers : RHP Alonso Costello
Batting: LHB Marcos Vázquez 0-0: SINGLE (Groundball, 34D)
Batting: RHB Luis Ramírez 0-0: Ball
1-0: Called Strike
1-1: Foul Ball, location: 2F
1-2: Foul Ball, location: 2F
1-2: Foul Ball, location: 2F
1-2: Foul Ball, location: 2F
1-2: Ball
2-2: Foul Ball, location: 2F
2-2: Ball
3-2: Strikes out swinging
Marcos Vázquez is caught stealing 2nd base
Batter strikes out.
Batting: RHB David Strickland 0-0: Called Strike
0-1: Foul Ball, location: 2F
0-2: Ball
1-2: DOUBLE (Flyball, 78XD)
Batting: RHB Gilberto León 0-0: Ground out 5-3 (Groundball, 56)
Top of the 7th over - 0 run(s), 2 hit(s), 0 error(s), 1 left on base; Menlo 6 - Red Deer 8
BOTTOM OF THE 7TH
Red Deer Wranglers batting - Pitching for Menlo Maniacs : RHP Bryan Bray
Pitching: LHP Sam McMillan
Batting: LHB Enrico Vargas 0-0: Ball
1-0: SINGLE (Line Drive, 9S)
Batting: LHB Jorge Olvera 0-0: Ball
1-0: Ball
2-0: Foul Ball, location: 2F
2-1: Foul Ball, location: 2F
2-2: Ball
3-2: SINGLE (Groundball, 4MD)
Enrico Vargas to second
Enrico Vargas to third
Batting: RHB Carlos Peña 0-0: Ball
1-0: Called Strike
1-1: Foul Ball, location: 2F
1-2: Foul Ball, location: 2F
1-2: Foul Ball, location: 2F
1-2: Ball
2-2: Ball
3-2: DOUBLE (Line Drive, 7M)
Enrico Vargas scores
Jorge Olvera to third
Jorge Olvera scores
Batting: LHB Fred Abrams 0-0: Intentional Walk
Batting: LHB Andrew Veeck 0-0: Called Strike
0-1: Fly out, F6 (Line Drive, 6D)
0-1: Lined into DP, 6-4 (Line Drive, 6D)
Batting: RHB Juan Carlos Alfonzo 0-0: Ball
1-0: Ball
2-0: Ball
3-0: Called Strike
3-1: Base on Balls
Fred Abrams to second
Batting: LHB Del Kennedy 0-0: Ball
1-0: Swinging Strike
1-1: Swinging Strike
1-2: Ball
2-2: Ball
3-2: Foul Ball, location: 2F
3-2: Strikes out looking
Bottom of the 7th over - 2 run(s), 3 hit(s), 0 error(s), 2 left on base; Menlo 6 - Red Deer 10
TOP OF THE 8TH
Menlo Maniacs batting - Pitching for Red Deer Wranglers : RHP Alonso Costello
Pitching: RHP José Ramos
Batting: LHB Pedro Rodríguez 0-0: Ball
1-0: Ball
2-0: Called Strike
2-1: Ground out U3 (Groundball, 3)
Batting: LHB Jeff Tucker 0-0: Ball
1-0: Foul Ball, location: 2F
1-1: Foul Ball, location: 2F
1-2: Ball
2-2: Ball
3-2: SOLO HOME RUN (Line Drive, 9D), Distance : 365 ft
Batting: RHB Daryl Floyd 0-0: Fly out, F9 (Flyball, 9LM)
Batting: LHB Dan Hamilton 0-0: Called Strike
0-1: Ball
1-1: Foul Ball, location: 2F
1-2: Ball
2-2: Foul Ball, location: 2F
2-2: Foul Ball, location: 2F
2-2: Foul Ball, location: 2F
2-2: Ball
3-2: Base on Balls
Pitching: LHP Denny Welch
Batting: RHB Steve Sampson 0-0: Ball
1-0: Called Strike
1-1: Fielders Choice at 2nd, 6-4 (Groundball, 6)
Top of the 8th over - 1 run(s), 1 hit(s), 0 error(s), 0 left on base; Menlo 7 - Red Deer 10
BOTTOM OF THE 8TH
Red Deer Wranglers batting - Pitching for Menlo Maniacs : LHP Sam McMillan
Batting: RHB Paul Swift 0-0: Ball
1-0: Ball
2-0: Ball
3-0: Called Strike
3-1: Ground out 6-3 (Groundball, 6M)
Pitching: RHP Steve Poe
Batting: LHB Greg Nelson 0-0: Ball
1-0: SINGLE (Flyball, 89M)
Batting: LHB Enrico Vargas 0-0: Called Strike
0-1: Ball
1-1: Foul Ball, location: 2F
1-2: Strikes out swinging
Batting: LHB Jorge Olvera 0-0: Called Strike
0-1: Swinging Strike
0-2: Ball
1-2: Strikes out swinging
Bottom of the 8th over - 0 run(s), 1 hit(s), 0 error(s), 1 left on base; Menlo 7 - Red Deer 10
TOP OF THE 9TH
Menlo Maniacs batting - Pitching for Red Deer Wranglers : LHP Denny Welch
Pitching: RHP Eduardo Ramos
Batting: LHB Marcos Vázquez 0-0: Swinging Strike
0-1: Ball
1-1: Called Strike
1-2: Ball
2-2: Ball
3-2: Foul Ball, location: 2F
3-2: DOUBLE (Line Drive, 9D)
Batting: RHB Luis Ramírez 0-0: Ball
1-0: Ball
2-0: Ball
3-0: Called Strike
3-1: Base on Balls
Pinch Hitting: RHB Philip Burke 0-0: Called Strike
0-1: DOUBLE (Flyball, 8LXD)
Marcos Vázquez scores
Luis Ramírez to third
Pinch Hitting: RHB Júlio Trinidad 0-0: Called Strike
0-1: Called Strike
0-2: Ball
1-2: Strikes out looking
Batting: LHB Pedro Rodríguez 0-0: Swinging Strike
0-1: Fly out, F7 (Flyball, 78S)
Batting: LHB Jeff Tucker 0-0: Swinging Strike
0-1: Ball
1-1: Foul Ball, location: 2F
1-2: Strikes out swinging
Top of the 9th over - 1 run(s), 2 hit(s), 0 error(s), 2 left on base; Menlo 8 - Red Deer 10
Monday, December 5th, 2016 - OOTP Baseball 17.12 Build 75